Cogmind - Beta 15 @@@ ROGUE MODE // 2025.05.23 @ 01:15:54 Player: 7604 Result: Destroyed by S-27 Virus with Autogun Performance ------------- Evolutions (3) 1500 Regions Visited (17) 3400 Robots Destroyed (265) 1325 Value Destroyed (8817) 8817 Prototype IDs (81) 1620 Alien Tech Used (0) 0 Bonus (3885) 3885 TOTAL SCORE: 20547 Bonus ------- High Alert Combat Kills 399 Follower Combat Kills 438 Entered Garrisons 200 Aligned with FarCom 300 Met Imprinter 300 Destroyed Z-Imprinter 1000 Triggered Deep Caves Wall 500 Exposed GOLEM Chamber 500 Acquired ECA 300 Friendly Fire -52 Cogmind --------- Core Integrity 0/700 Matter 157/300 Energy 698/1100 System Corruption 0% Temperature Cool (0) Movement Walking (150) Location -6/Proximity Caves Parts ------- > --- POWER (1) -------- Zionite Light DM Reactor > --- PROPULSION (5) --- Medium Treads Assembled Alloy Leg Assembled Alloy Leg > --- UTILITY (5) ------ Assembled Nanovents Assembled Biocell Array Seismic Detector GOLEM Unit > --- WEAPON (2) ------- Assembled Focal Cannon Assembled Focal Cannon > --- INVENTORY (5) ---- Zionite Metafield Generator Surveybot 24 Chip Hacking Drone Bay (1/1) Guided Plasma Cannon Peak State ------------ > --- POWER ------------ Zionite Light DM Reactor > --- PROPULSION ------- Zionite Glidesys I Zionite Glidesys I Zionite Glidesys I Zionite Glidesys I Zionite Glidesys II > --- UTILITY ---------- Experimental Heat Sink Huge Storage Unit Superbattery Zionite Light Carapace Improved Shield Generator > --- WEAPON ----------- Zionite Laser-M Heavy Rocket Launcher > --- INVENTORY -------- Zionite Light DM Reactor Zionite Glidesys I Zionite Glidesys I Zionite Glidesys I Zionite Glidesys I Experimental Heat Sink Zionite Metafield Generator Surveybot 24 Scanner Surveybot 24 Chip Seismic Detector Advanced Particle Charger Experimental Reaction Control System Zionite Weapon Casing Zionite Heavy Carapace Makeshift Hacking Suite Makeshift Hacking Suite Makeshift System Shield Hacking Drone Bay Phasing AFG Heavy Riot Gun Zionite Laser-S Zionite Laser-M Guided Plasma Cannon Spear [Rating: 96] Favorites ----------- Power Enhanced Nuclear Core Engine Cooled Ion Engine Power Core Enhanced Nuclear Core Reactor Zionite Light DM Reactor Propulsion Light Treads Treads Light Treads Leg Assembled Alloy Leg Wheel Armored Huge Wheel Hover Unit Zionite Glidesys I Flight Unit Improved VTOL Module Utility Huge Storage Unit Device Seismic Detector Storage Huge Storage Unit Processor Improved Signal Interpreter Hackware Hacking Suite Protection Powered Armor Weapon Improved Medium Laser Energy Gun Improved Medium Laser Energy Cannon Plasma Cannon Ballistic Gun Assault Rifle Ballistic Cannon Gauss Cannon Launcher Heavy Rocket Launcher Special Weapon CPS Tube Impact Weapon Makeshift Hammer Piercing Weapon Spear Special Melee Weapon Improved Datajack Build | -11 -10 -10 -9 -9 -9 -8 -8 -8 -8 -7 -7 -7 -7 -7 -7 -7 -6 ------- Run | Yrd Mat Min Mat Min Exi Min Mat Gar Mat Fac Was Fac Low Low Zio Dee Pro Slots Evolved 6 | . . . 2 . . . 2 . . 2 . . . . . . . Power . | . . . . . . . . . . . . . . . . . . Propulsion 3 | . . . 1 . . . 1 . . 1 . . . . . . . Utility 3 | . . . 1 . . . 1 . . 1 . . . . . . . Weapon . | . . . . . . . . . . . . . . . . . . Parts Attached 186 | 7 12 1 29 2 2 . 19 5 17 16 . 21 6 2 5 42 . Power 16 | 1 2 . 3 . . . 2 . . 1 . 2 1 . . 4 . Engine 7 | 1 2 . 3 . . . . . . . . . 1 . . . . Core 5 | . . . . . . . 2 . . 1 . 2 . . . . . Reactor 4 | . . . . . . . . . . . . . . . . 4 . Propulsion 55 | 2 1 1 10 . . . 7 2 9 2 . 4 2 1 1 13 . Treads 41 | 2 1 1 10 . . . 6 2 9 . . 3 2 1 1 3 . Leg . | . . . . . . . . . . . . . . . . . . Wheel 1 | . . . . . . . . . . . . 1 . . . . . Hover 10 | . . . . . . . . . . . . . . . . 10 . Flight 3 | . . . . . . . 1 . . 2 . . . . . . . Utility 68 | 2 7 . 9 . . . 5 3 4 8 . 9 1 . 3 17 . Device 32 | 1 4 . 5 . . . 2 2 2 2 . 3 1 . 3 7 . Storage 10 | 1 3 . 1 . . . 1 . . 2 . 1 . . . 1 . Processor 1 | . . . . . . . . . . 1 . . . . . . . Hackware 7 | . . . . . . . . 1 . 2 . 2 . . . 2 . Protection 18 | . . . 3 . . . 2 . 2 1 . 3 . . . 7 . Artifact . | . . . . . . . . . . . . . . . . . . Weapon 47 | 2 2 . 7 2 2 . 5 . 4 5 . 6 2 1 1 8 . Energy Gun 19 | 1 1 . 3 . 1 . 3 . . 2 . 2 . . . 6 . Energy Cannon 8 | . . . . . . . 2 . 2 2 . . . . . 2 . Ballistic Gun 5 | 1 . . 3 . . . . . 1 . . . . . . . . Ballistic Cannon 3 | . . . . . . . . . . . . 2 . 1 . . . Launcher 6 | . . . . 2 . . . . . . . 2 2 . . . . Special Weapon 2 | . 1 . . . . . . . . . . . . . 1 . . Impact Weapon 1 | . . . 1 . . . . . . . . . . . . . . Slashing Weapon . | . . . . . . . . . . . . . . . . . . Piercing Weapon 1 | . . . . . . . . . . 1 . . . . . . . Special Melee Weapon 2 | . . . . . 1 . . . 1 . . . . . . . . Unidentified Prototypes 23 | . . . 2 . . . 4 . 1 3 . . . . 2 11 . Corrupted Parts 2 | . . . . . . . . . . . . 1 . . 1 . . System Corruption 6 | . . . . . . . . . . . . 2 . . 4 . . Parts Lost 58 | . 4 1 8 . . . 1 2 5 2 . 4 2 . . 29 . Power 3 | . 2 . . . . . . . . . . . . . . 1 . Propulsion 28 | . 1 1 4 . . . . 1 3 1 . . 2 . . 15 . Utility 20 | . . . 2 . . . 1 1 1 . . 4 . . . 11 . Weapon 7 | . 1 . 2 . . . . . 1 1 . . . . . 2 . Highest Loss Streak 10 | . 2 1 2 . . . 1 2 2 1 . 1 1 . . 10 . To Critical Strikes . | . . . . . . . . . . . . . . . . . . Average Backups 19 | 3 10 14 24 25 23 22 21 21 21 14 15 18 23 23 24 21 4 Power 1 | . . 1 1 1 1 1 1 1 2 . . 1 2 2 1 . . Propulsion 1 | . . . 2 3 3 4 4 4 4 1 1 1 2 1 . . . Utility 10 | 1 5 9 12 12 11 10 9 8 8 9 12 10 9 9 13 13 3 Weapon 5 | 1 2 2 5 6 7 6 6 7 7 3 2 3 6 6 7 6 1 Tool/Special . | . . . . . . . . . . . . . . . . . . Unused Backups 51 | . . . 13 1 6 . 8 . 1 5 . 2 2 2 1 8 2 Power 6 | . . . 3 . 1 . . . . 2 . . . . . . . Propulsion 5 | . . . 2 1 . . . . . 1 . . . . . 1 . Utility 27 | . . . 4 . 4 . 2 . 1 2 . 2 2 1 . 7 2 Weapon 9 | . . . 4 . . . 5 . . . . . . . . . . Tool/Special 4 | . . . . . 1 . 1 . . . . . . 1 1 . . Average Slot Usage (%) 92 | . 99 100 99 100 100 100 99 100 99 76 76 85 90 90 89 86 75 Engine 4 | . 13 14 11 11 11 11 6 . . . . . 1 5 . . . Core 2 | . . . . . . . 2 9 9 7 7 7 5 . 7 . . Reactor 1 | . . . . . . . . . . . . . . . . 6 7 Treads 24 | . 27 28 32 33 33 33 36 36 35 . . 13 22 22 27 17 7 Leg 1 | . . . . . . . . . . . . . . . . 1 15 Hover 1 | . . . . . . . . . . . . . . . . 11 . Flight 1 | . . . . . . . . . . 14 15 5 . . . . . Device 17 | . 14 14 17 21 22 11 17 18 18 13 15 16 17 22 21 16 22 Storage 9 | . 14 14 11 11 11 11 9 9 9 7 7 7 7 7 8 7 6 Hackware 1 | . . . . . . . . . . 13 15 7 . . . 1 . Protection 5 | . . . 4 . . 10 9 9 8 2 . 5 11 7 7 6 . Energy Gun 8 | . 14 14 21 21 15 22 17 . . . . 5 . . . 7 . Energy Cannon 3 | . . . . . . . . 17 16 4 . . . . . . 15 Ballistic Gun 1 | . 13 14 . . . . . . . . . . . . . . . Ballistic Cannon 1 | . . . . . . . . . . . . 4 14 13 . 3 . Peak Build Rating 96 | 7 9 9 26 26 30 30 38 41 45 71 63 73 52 49 53 96 93 Average Rating 41 | 6 7 8 21 25 25 29 34 38 42 62 63 56 46 44 45 69 84 On Entrance 35 | . 7 8 9 26 25 30 30 38 41 44 63 63 51 46 37 47 77 Naked Turns . | . . . . . . . . . . . . . . . . . . Heaviest Build 131 | 13 90 90 102 100 102 102 112 112 112 112 33 115 124 116 116 131 44 Greatest Support 122 | 40 40 40 69 69 69 69 89 83 92 92 55 68 68 28 96 122 60 Greatest Overweight (x) 33 | . 2 2 4 1 1 1 1 1 2 1 . 4 4 4 3 33 . Average Overweight (x) . | . . 2 1 1 1 1 1 1 1 . . . 3 3 2 1 . Largest Inventory Capacity 25 | 8 25 25 25 25 25 25 25 25 25 25 15 25 25 25 25 25 5 Average Capacity 21 | 7 14 25 25 25 25 25 25 25 25 15 15 20 25 25 25 23 5 Most Carried 25 | 5 13 15 25 25 25 25 25 25 25 25 15 25 25 25 25 25 5 Average Carried 20 | 3 10 14 24 25 24 25 24 24 24 14 15 18 24 24 24 21 4 Final Capacity 25 | 8 25 25 25 25 25 25 25 25 25 15 15 25 25 25 25 5 5 Final Carried 25 | 5 13 15 25 25 25 25 25 25 25 15 15 25 24 23 24 5 4 Class Distribution -------------------- 48% | Mutant 37% | Scavenger-Mutant 6% | Hacker-Mutant 6% | Golem Dominant Class ---------------- Mutant | -10/Materials Mutant | -10/Mines Scavenger-Mutant | -9/Materials Mutant | -9/Mines Mutant | -9/Exiles Mutant | -8/Mines Mutant | -8/Materials Scavenger-Mutant | -8/Garrison Mutant | -8/Materials Hacker-Mutant | -7/Factory Hacker-Mutant | -7/Waste Mutant | -7/Factory Mutant | -7/Lower Caves Scavenger-Mutant | -7/Lower Caves Scavenger-Mutant | -7/Zion Scavenger-Mutant | -7/Deep Caves Golem | -6/Proximity Caves Resources | -11 -10 -10 -9 -9 -9 -8 -8 -8 -8 -7 -7 -7 -7 -7 -7 -7 -6 ----------- Run | Yrd Mat Min Mat Min Exi Min Mat Gar Mat Fac Was Fac Low Low Zio Dee Pro Matter Collected 6320 | 304 550 127 818 127 . 103 285 234 336 496 . 902 586 372 195 885 . Remotely . | . . . . . . . . . . . . . . . . . . Salvage Created 9719 | 212 823 305 1950 119 . . 1326 665 973 989 . 1132 378 72 . 727 48 Parts 538 | 24 48 17 109 8 . . 57 40 68 46 . 72 24 3 . 18 4 Haulers Intercepted 17 | . 2 . 6 . . . 3 . 2 3 . 1 . . . . . Recyclers Shooed 10 | 1 4 . 2 . . . 2 . . . . 1 . . . . . Parts Field Recycled . | . . . . . . . . . . . . . . . . . . Retrieved Matter . | . . . . . . . . . . . . . . . . . . Parts Self-Destructed 11 | . . . . . . . . . . . . . 8 3 . . . Prevented 3 | . . . . . . . . . . . . . 3 . . . . Kills | -11 -10 -10 -9 -9 -9 -8 -8 -8 -8 -7 -7 -7 -7 -7 -7 -7 -6 ------- Run | Yrd Mat Min Mat Min Exi Min Mat Gar Mat Fac Was Fac Low Low Zio Dee Pro Combat Hostiles Destroyed 220 | . 19 10 31 6 . . 23 20 16 20 . 21 12 3 . 37 2 Melee 7 | . . . . . . . . . . 3 . 2 . . . 2 . Guns 89 | . 19 10 31 . . . 22 . . . . 5 . . . 2 . Cannons 44 | . . . . . . . . 8 12 2 . 11 6 1 . 2 2 AOE 69 | . . . . 6 . . . 8 4 13 . 3 6 2 . 27 . Classes Destroyed 17 | 2 5 . 3 . . . 1 1 . 2 . . . . . 3 . Worker 4 | . . . . . . . . . . 4 . . . . . . . Builder 9 | . . . 1 . . . 1 . . 2 . 5 . . . . . Tunneler 12 | 9 . . . . . . . . 2 . . 1 . . . . . Hauler 17 | . 2 . 6 . . . 3 . 2 3 . 1 . . . . . Recycler 13 | 1 1 . 1 1 . . 1 . 2 3 . 3 . . . . . Operator 7 | . 2 . 3 . . . . . 1 1 . . . . . . . Watcher 16 | . 3 . 5 . . . . . 4 3 . 1 . . . . . Swarmer 68 | . 6 6 3 4 . . 3 8 5 17 . 5 7 2 . . 2 Grunt 69 | . 13 4 17 2 . . 13 8 4 . . 7 1 . . . . Brawler 2 | . . . 1 . . . . . . . . 1 . . . . . Duelist 1 | . . . . . . . . 1 . . . . . . . . . Sentry 28 | . . . 10 . . . 5 3 6 1 . 3 . . . . . Hunter 5 | . . . . . . . 2 . 1 . . 1 . 1 . . . Programmer 6 | . . . . . . . . . . 2 . 4 . . . . . Z-Light 1 | . . . . . . . . . . . . . . . . 1 . Assembled 31 | . . . . . . . . . . . . . . . . 31 . Golem 4 | . . . . . . . . . . . . . . . . 4 . Thug 4 | . . . . . . . . . . . . . 4 . . . . Best Kill Streak 21 | 3 3 3 9 4 . . 7 4 5 11 . 7 4 2 . 21 2 Combat Bots Only 21 | . 3 3 8 4 . . 7 4 4 7 . 5 4 2 . 21 2 Max Kills in Single Turn 7 | 1 1 2 2 2 . . 2 4 3 7 . 3 3 1 . 7 1 Gunslinging 1 | . . 1 1 . . . . . . . . . . . . . . Exploded 7 | . . . . 2 . . . 4 2 4 . 3 3 1 . 7 . Melee 1 | . . . . . . . . . . 1 . 1 . . . 1 . Uniques/NPCs Destroyed 1 | . . . . . . . . . . . . . . . . 1 . Z-Imprinter (-7/Deep Caves) Combat | -11 -10 -10 -9 -9 -9 -8 -8 -8 -8 -7 -7 -7 -7 -7 -7 -7 -6 -------- Run | Yrd Mat Min Mat Min Exi Min Mat Gar Mat Fac Was Fac Low Low Zio Dee Pro Hostile Shots Fired 1261 | . 92 41 149 10 . . 134 68 112 182 1 234 53 16 . 164 5 Missed 427 | . 27 11 35 5 . . 37 20 26 104 1 93 13 6 . 48 1 Hits 834 | . 65 30 114 5 . . 97 48 86 78 . 141 40 10 . 116 4 Melee 23 | . . . 1 . . . . 1 . . . 3 3 5 . 10 . Projectile 811 | . 65 30 113 5 . . 97 47 86 78 . 138 37 5 . 106 4 Critical Strikes 23 | . 1 . 2 . . . 7 2 3 1 . 4 1 . . 2 . Damage Taken 12344 | . 701 306 1477 80 . . 1073 649 1341 1055 . 1659 551 139 . 3250 63 Core 1448 | . 113 . 243 27 . . 100 28 232 106 . 92 21 26 . 447 13 Absorbed by Shields 1177 | . . . 71 . . . 404 120 . . . 109 116 . . 357 . Redirected to Shielding 291 | . . . . . . . . . . . . . . . . 291 . Regen/Repaired (Parts) 407 | . 115 . 199 . . . . . . 93 . . . . . . . Core Remaining (%) 55 | 100 . 54 . . . 32 . . 34 . . . . . . . . Volleys Fired 661 | 19 88 19 113 4 . . 96 55 47 32 . 69 33 13 . 52 21 Largest 2 | 2 2 2 2 2 . . 2 2 2 2 . 2 2 2 . 2 2 Hottest 160 | 70 150 70 112 63 . . 112 160 160 160 . 160 80 80 . 120 50 Shots Fired 1204 | 38 173 38 226 5 . . 192 93 93 34 . 116 64 20 . 70 42 Gun 736 | 38 170 38 226 . . . 192 . . . . 42 . . . 30 . Cannon 419 | . . . . . . . . 89 90 26 . 73 54 17 . 28 42 Launcher 45 | . . . . 5 . . . 4 3 8 . 1 10 3 . 11 . Special 4 | . 3 . . . . . . . . . . . . . . 1 . Kinetic 307 | 19 85 19 20 . . . . . . . . 73 54 17 . 20 . Thermal 791 | 19 88 19 206 . . . 192 89 90 4 . 42 . . . . 42 Explosive 34 | . . . . 5 . . . 4 3 8 . 1 . 2 . 11 . Electromagnetic 71 | . . . . . . . . . . 22 . . 10 1 . 38 . Robot Hit Streak 37 | 6 19 16 37 5 . . 14 16 7 16 . 15 5 6 . 8 3 Robot Miss Streak 6 | 3 4 1 3 . . . 3 3 4 2 . 3 6 3 . 3 . Penetration Max 1 | . . . . . . . . . . . . 1 1 . . . . Secondary Targets 13 | . 5 2 4 . . . 2 . . . . . . . . . . Max Gunslinging Chain 1 | . 1 1 1 . . . 1 . . . . . . . . . . Shots Hit Robots 783 | 23 122 29 160 3 4 . 132 49 48 43 . 90 22 4 4 48 2 Core Hits 417 | 13 44 15 64 8 . . 48 23 28 32 . 44 21 3 . 72 2 Critical Kills 6 | 1 . . . . . . . 1 1 1 . 2 . . . . . Critical Parts Destroyed 6 | . . 1 . . . . . . . 2 . 3 . . . . . Critical Strikes 66 | 2 9 5 16 . . . 9 1 1 3 . 16 1 2 . 1 . Burn 39 | 1 9 4 16 . . . 9 . . . . . . . . . . Meltdown 2 | . . . . . . . . 1 1 . . . . . . . . Destroy 7 | 1 . 1 . . . . . . . . . 5 . . . . . Blast 15 | . . . . . . . . . . . . 11 1 2 . 1 . Smash 3 | . . . . . . . . . . 3 . . . . . . . Melee Attacks 158 | . . . 4 . 4 . 5 6 . 57 . 54 . . 5 23 . Impact 68 | . . . 4 . . . 5 6 . 53 . . . . . . . Slashing . | . . . . . . . . . . . . . . . . . . Piercing 80 | . . . . . . . . . . 2 . 54 . . 1 23 . Sneak Attacks 20 | . . . . . 4 . . . . 6 . 6 . . 4 . . Combat Hostiles . | . . . . . . . . . . . . . . . . . . Follow-up Attacks . | . . . . . . . . . . . . . . . . . . Damage Inflicted 22816 | 320 1594 407 2787 410 . 22 2493 1784 1670 3317 . 3281 1096 314 . 3208 113 Guns 8938 | 304 1593 381 2772 . . . 2482 . . . . 961 . . . 445 . Cannons 5745 | . . . . . . . . 1188 1253 673 . 1297 729 130 . 362 113 Explosions 5861 | . . . . 410 . . . 358 392 1578 . 235 367 184 . 2337 . Melee 2147 | . . . . . . . . 232 . 1066 . 785 . . . 64 . Ramming 125 | 16 1 26 15 . . 22 11 6 25 . . 3 . . . . . Kinetic 3632 | 139 722 173 191 . . . . . . . . 1297 729 130 . 251 . Thermal 10637 | 165 871 208 2581 . . . 2482 1188 1253 712 . 961 32 . . 71 113 Explosive 4745 | . . . . 410 . . . 358 392 966 . 235 . 118 . 2266 . Electromagnetic 1530 | . . . . . . . . . . 573 . . 335 66 . 556 . Impact 1298 | . . . . . . . . 232 . 1066 . . . . . . . Slashing . | . . . . . . . . . . . . . . . . . . Piercing 849 | . . . . . . . . . . . . 785 . . . 64 . Highest Corruption 9 | . . . . . . . . . 1 2 8 9 9 9 9 . . Average Corruption 4 | . . . . . . . . . 1 1 6 6 9 9 7 . . Corruption Purged 5 | . . . . . . . . . . . . 5 . . . . . Corruption Blocked . | . . . . . . . . . . . . . . . . . . Effects 140 | . . . . . . . . . 10 12 1 58 31 24 4 . . Message Errors 27 | . . . . . . . . . 2 3 . 11 5 6 . . . Matter Fused 46 | . . . . . . . . . 2 3 1 18 9 11 2 . . Heat Flow Errors 20 | . . . . . . . . . 1 2 . 9 6 2 . . . Energy Discharges 16 | . . . . . . . . . 1 1 . 6 4 3 1 . . Parts Rejected 1 | . . . . . . . . . . . . . 1 . . . . Parts Fused 1 | . . . . . . . . . . . . 1 . . . . . Data Loss (minor) 12 | . . . . . . . . . 3 3 . 4 1 . 1 . . Data Loss (major) 7 | . . . . . . . . . 1 . . 4 1 1 . . . Misfires 3 | . . . . . . . . . . . . . 2 1 . . . Alerts 3 | . . . . . . . . . . . . 2 1 . . . . Weapon Failures 4 | . . . . . . . . . . . . 3 1 . . . . Overload Shots . | . . . . . . . . . . . . . . . . . . Overflow Damage 1246 | . . . . 5 . . . 91 60 618 . 211 70 3 . 188 . Projectiles 154 | . . . . . . . . 22 . 2 . 27 70 3 . 30 . Explosions 439 | . . . . 5 . . . 10 60 206 . . . . . 158 . Melee 653 | . . . . . . . . 59 . 410 . 184 . . . . . Knockbacks 16 | . . 1 . . . . . . . 3 . 9 2 1 . . . Impact 4 | . . 1 . . . . . . . 3 . . . . . . . Kinetic 12 | . . . . . . . . . . . . 9 2 1 . . . Secondary . | . . . . . . . . . . . . . . . . . . Self-Inflicted Damage 374 | . . . . 27 . . . . 93 83 . 49 . 46 . 76 . Shots 9 | . . . . 1 . . . . 2 1 . 1 . 2 . 2 . Rammed 17 | 6 . 4 3 . . 1 1 1 . . . 1 . . . . . Targets Rammed 20 | 6 1 4 3 . . 1 1 1 2 . . 1 . . . . . Kicked . | . . . . . . . . . . . . . . . . . . Crushed 3 | . 1 . . . . . . . 2 . . . . . . . . Highest Temperature 584 | 54 207 2 96 . . . 265 294 172 219 . 584 275 242 . 208 . Average Temperature 59 | 15 38 2 22 . . . 24 100 40 75 . 132 77 107 . 67 . Received Heat Transfer 3564 | . 360 93 596 15 . . 535 330 468 90 . 514 137 . . 426 . Effects 7 | . . . . . . . . 2 . . . 4 1 . . . . Shutdowns 1 | . . . . . . . . . . . . 1 . . . . . Energy Bleed 3 | . . . . . . . . 1 . . . 1 1 . . . . Interference 2 | . . . . . . . . 1 . . . 1 . . . . . Damage (minor) 1 | . . . . . . . . . . . . 1 . . . . . Siege Activations . | . . . . . . . . . . . . . . . . . . Martial Activations . | . . . . . . . . . . . . . . . . . . Shielding Activations . | . . . . . . . . . . . . . . . . . . Robots Disrupted . | . . . . . . . . . . . . . . . . . . Combat Hostiles . | . . . . . . . . . . . . . . . . . . Robots Corrupted 12 | . . . . . . . . 2 . 6 . . . . . 4 . Combat Hostiles 8 | . . . . . . . . 2 . 2 . . . . . 4 . Parts Fried 12 | . . . . . . . . 1 . 10 . . 1 . . . . Impact Corruptions 20 | . . . . . . . . 4 . 16 . . . . . . . Robots Melted 5 | . . . . . . . 2 2 1 . . . . . . . . Combat Hostiles 3 | . . . . . . . 1 2 . . . . . . . . . Parts Melted 52 | 1 2 3 20 . . . 10 3 8 . . 5 . . . . . Heat Transferred 24198 | 555 3219 888 6808 . . . 5846 2300 2450 650 . 1332 50 . . 50 50 Parts Sabotaged . | . . . . . . . . . . . . . . . . . . Parts Stolen 7 | . . . . . . . . . . . . . 3 4 . . . Parts Stripped . | . . . . . . . . . . . . . . . . . . Power Chain Reactions 2 | . . . . . . . . . . . . . 1 . . 1 . Alert | -11 -10 -10 -9 -9 -9 -8 -8 -8 -8 -7 -7 -7 -7 -7 -7 -7 -6 ------- Run | Yrd Mat Min Mat Min Exi Min Mat Gar Mat Fac Was Fac Low Low Zio Dee Pro Maximum Alert Level 3 | . 1 . 1 1 . . . 3 2 3 1 2 . . . . . Low Security (%) 63 | 100 97 100 51 90 . 100 100 26 18 47 . 48 . . . . . Level 1 24 | . 2 . 48 9 . . . 15 56 . 100 44 . . . . . Level 2 7 | . . . . . . . . 24 24 23 . 6 . . . . . Level 3 4 | . . . . . . . . 33 . 29 . . . . . . . Level 4 . | . . . . . . . . . . . . . . . . . . Level 5 . | . . . . . . . . . . . . . . . . . . High Security . | . . . . . . . . . . . . . . . . . . Max Security . | . . . . . . . . . . . . . . . . . . Peak Influence 1009 | 10 207 128 344 238 . . 158 977 550 1009 353 530 . . . . . Initial 475 | . . 78 20 127 . . . 40 475 101 353 212 . . . . . Average 191 | 1 76 30 176 119 . . 61 457 297 433 327 225 . . . . . Influence Increases 7387 | 50 693 246 1158 234 . . 700 977 619 1435 . 950 195 80 . . 50 Destroy 0b10 Robot/C 3680 | . 380 200 620 160 . . 460 460 320 400 . 420 160 60 . . 40 Destroy 0b10 Robot/NC 390 | 50 40 . 80 5 . . 25 . 55 80 . 55 . . . . . Destroy Leader 896 | . 90 40 202 30 . . 126 20 122 92 . 124 20 20 . . 10 Allied During Kill 22 | . . . . 3 . . . 19 . . . . . . . . . Successful Hack 371 | . 44 6 85 . . . 23 19 20 95 . 79 . . . . . Select Force Hacks 90 | . 60 . 30 . . . . . . . . . . . . . . Disable Machine 585 | . . . 45 . . . 45 45 30 390 . 30 . . . . . Anti-Garrison Action 300 | . . . . . . . . 300 . . . . . . . . . Destroy Structure 318 | . 4 . 6 36 . . 6 69 57 78 . 62 . . . . . Partial Spotted 105 | . . . . . . . . . . 75 . 30 . . . . . Lose Combat Pursuer 630 | . 75 . 90 . . . 15 45 15 225 . 150 15 . . . . Influence Decreases 7340 | 50 490 395 884 517 45 . 637 63 1372 650 706 735 593 200 . . 3 Entered New Map 2016 | . . 125 34 201 45 . . 23 502 123 656 91 193 23 . . . Time Decay 4508 | 50 470 260 630 286 . . 482 . 630 506 30 604 380 177 . . 3 Lost Part 260 | . 20 10 70 . . . 10 20 50 20 . 40 20 . . . . Lost Ally 111 | . . . . 30 . . . 20 40 1 20 . . . . . . Purge Threat 445 | . . . 150 . . . 145 . 150 . . . . . . . . Squads Dispatched 35 | . 6 . 5 . . . 4 . 2 8 . 10 . . . . . Investigation 14 | . 4 . 3 . . . 1 . 2 1 . 3 . . . . . Extermination 9 | . . . . . . . . . . 5 . 4 . . . . . Reinforcement 11 | . 2 . 2 . . . 3 . . 1 . 3 . . . . . Assault . | . . . . . . . . . . . . . . . . . . Garrison 1 | . . . . . . . . . . 1 . . . . . . . Intercept . | . . . . . . . . . . . . . . . . . . Searches Triggered . | . . . . . . . . . . . . . . . . . . Construction Impeded 1 | . . . . . . . 1 . . . . . . . . . . Haulers Reinforced 1 | . . . . . . . . . . . . 1 . . . . . Active Scanning Responses . | . . . . . . . . . . . . . . . . . . Cargo Convoy Interrupts . | . . . . . . . . . . . . . . . . . . Stealth | -11 -10 -10 -9 -9 -9 -8 -8 -8 -8 -7 -7 -7 -7 -7 -7 -7 -6 --------- Run | Yrd Mat Min Mat Min Exi Min Mat Gar Mat Fac Was Fac Low Low Zio Dee Pro Distress Signals 12 | . 3 . 3 . . . 2 . 2 . . 2 . . . . . Communications Jammed . | . . . . . . . . . . . . . . . . . . Distress Signals . | . . . . . . . . . . . . . . . . . . Times Spotted 354 | . 33 10 47 6 . . 37 12 30 46 5 42 20 7 . 56 3 Peak Tracking Total 26 | . 4 3 6 4 . . 5 3 6 7 5 7 4 4 . 26 3 Tactical Retreats 33 | . 3 . 4 . . . 1 2 1 9 . 6 1 . . 6 . Traps | -11 -10 -10 -9 -9 -9 -8 -8 -8 -8 -7 -7 -7 -7 -7 -7 -7 -6 ------- Run | Yrd Mat Min Mat Min Exi Min Mat Gar Mat Fac Was Fac Low Low Zio Dee Pro Traps Triggered 14 | . 2 . 5 . . . 2 . 1 1 . 3 . . . . . Indirectly . | . . . . . . . . . . . . . . . . . . Trap Hack Attempts 92 | . . . . . . . . . 88 4 . . . . . . . Triggered . | . . . . . . . . . . . . . . . . . . Disarmed 1 | . . . . . . . . . 1 . . . . . . . . Reprogrammed 5 | . . . . . . . . . 4 1 . . . . . . . Reused 4 | . . . . . . . . . . . . . . . . 4 . Traps Extracted 5 | . . . . . . . . . 4 1 . . . . . . . Installed 5 | . . . . . . . . . . . . . . . . 5 . Triggered . | . . . . . . . . . . . . . . . . . . Most Traps Carried 5 | . . . . . . . . . 4 5 5 5 5 5 5 5 . Machines | -11 -10 -10 -9 -9 -9 -8 -8 -8 -8 -7 -7 -7 -7 -7 -7 -7 -6 ---------- Run | Yrd Mat Min Mat Min Exi Min Mat Gar Mat Fac Was Fac Low Low Zio Dee Pro Machines Disabled 46 | . . . 3 . . . 3 8 2 26 . 2 . . . 2 . Max in Single Turn 25 | . . . 2 . . . 1 2 1 25 . 1 . . . 1 . Garrison Access 2 | . . . . . . . . . . 2 . . . . . . . Garrison Relay 3 | . . . . . . . . 3 . . . . . . . . . Phase Generator 1 | . . . . . . . . 1 . . . . . . . . . Machines Repaired . | . . . . . . . . . . . . . . . . . . Machines Dismantled . | . . . . . . . . . . . . . . . . . . Machines Sabotaged . | . . . . . . . . . . . . . . . . . . Overloaded Fab Kills . | . . . . . . . . . . . . . . . . . . Hacking | -11 -10 -10 -9 -9 -9 -8 -8 -8 -8 -7 -7 -7 -7 -7 -7 -7 -6 --------- Run | Yrd Mat Min Mat Min Exi Min Mat Gar Mat Fac Was Fac Low Low Zio Dee Pro Machines Accessed 83 | . 9 1 15 . 2 . 7 3 7 22 . 17 . . . . . Terminals 59 | . 6 1 10 . . . 5 3 5 16 . 13 . . . . . Fabricators 4 | . . . . . . . . . . 2 . 2 . . . . . Repair Stations 5 | . 1 . 2 . . . . . 1 1 . . . . . . . Recycling Units 5 | . 2 . 2 . . . . . . . . 1 . . . . . Scanalyzers 3 | . . . 1 . . . 1 . . 1 . . . . . . . Garrison Access 5 | . . . . . . . 1 . 1 2 . 1 . . . . . Total Hacks 241 | . 39 3 48 . 2 . 20 5 17 58 . 49 . . . . . Successful 122 | . 20 1 29 . 2 . 14 2 6 27 . 21 . . . . . Failed 119 | . 19 2 19 . . . 6 3 11 31 . 28 . . . . . Catastrophic 11 | . . . 2 . . . 1 1 1 4 . 2 . . . . . Database Lockouts . | . . . . . . . . . . . . . . . . . . Manual 126 | . 30 3 23 . 1 . 10 1 7 31 . 15 . . 5 . . Terminals 180 | . 28 3 34 . . . 15 5 13 44 . 38 . . . . . Fabricators 10 | . . . . . . . . . . 3 . 7 . . . . . Repair Stations 15 | . 4 . 6 . . . . . 2 3 . . . . . . . Recycling Units 13 | . 7 . 5 . . . . . . . . 1 . . . . . Scanalyzers 13 | . . . 3 . . . 4 . . 6 . . . . . . . Garrison Access 8 | . . . . . . . 1 . 2 2 . 3 . . . . . Terminal Hacks 53 | . 5 1 10 . 2 . 5 2 5 12 . 11 . . . . . Record 1 | . . . . . 1 . . . . . . . . . . . . Part Schematic 7 | . 1 . 1 . . . . . . 5 . . . . . . . Robot Schematic 1 | . 1 . . . . . . . . . . . . . . . . Robot Analysis 9 | . 3 . 2 . . . 1 . . 1 . 2 . . . . . Prototype ID Bank 7 | . . 1 3 . . . 3 . . . . . . . . . . Open Door 1 | . . . . . . . . 1 . . . . . . . . . Branch Access Points 1 | . . . . . . . . . . . . 1 . . . . . Terminal Index 2 | . . . . . . . . . . 1 . 1 . . . . . Alert Level 2 | . . . 1 . . . . . . . . 1 . . . . . Unreport Threat 3 | . . . 1 . . . 1 . 1 . . . . . . . . Locate Traps 5 | . . . 1 . . . . . 1 2 . 1 . . . . . Patrol Status 1 | . . . . . . . . . . . . 1 . . . . . Hauler Manifests 3 | . . . . . . . . . . 2 . 1 . . . . . Registered Components 2 | . . . . . . . . . 1 . . 1 . . . . . Zone Layout 6 | . . . 1 . . . . . 2 1 . 2 . . . . . Garrison Registry 1 | . . . . . . . . 1 . . . . . . . . . Proto ID Catalog 1 | . . . . . 1 . . . . . . . . . . . . Fabricator Hacks 7 | . . . . . . . . . . 2 . 5 . . . . . Network Status 1 | . . . . . . . . . . 1 . . . . . . . Load Schematic 3 | . . . . . . . . . . 1 . 2 . . . . . Build 3 | . . . . . . . . . . . . 3 . . . . . Repair Station Hacks 12 | . 3 . 6 . . . . . 1 2 . . . . . . . Scan Component 7 | . 2 . 3 . . . . . 1 1 . . . . . . . Repair 5 | . 1 . 3 . . . . . . 1 . . . . . . . Recycling Unit Hacks 4 | . 2 . 1 . . . . . . . . 1 . . . . . Retrieve Components 4 | . 2 . 1 . . . . . . . . 1 . . . . . Scanalyzer 8 | . . . 2 . . . 4 . . 2 . . . . . . . Insert Component 4 | . . . 1 . . . 2 . . 1 . . . . . . . Analyze 4 | . . . 1 . . . 2 . . 1 . . . . . . . Garrison Access Hacks 3 | . . . . . . . 1 . . 2 . . . . . . . Unlock Access 1 | . . . . . . . 1 . . . . . . . . . . Seal Access 2 | . . . . . . . . . . 2 . . . . . . . Unauthorized Hacks 35 | . 10 . 10 . . . 4 . . 7 . 4 . . . . . Terminals 30 | . 8 . 9 . . . 4 . . 5 . 4 . . . . . Track 3 | . . . 1 . . . . . . 1 . 1 . . . . . Assimilate 2 | . 1 . . . . . . . . 1 . . . . . . . Botnet 9 | . 2 . 2 . . . 1 . . 2 . 2 . . . . . Disrupt 1 | . . . . . . . . . . 1 . . . . . . . Operators 3 | . 1 . 1 . . . . . . . . 1 . . . . . Skim 12 | . 4 . 5 . . . 3 . . . . . . . . . . Fabricators 1 | . . . . . . . . . . 1 . . . . . . . Recompile 1 | . . . . . . . . . . 1 . . . . . . . Repair Stations 1 | . . . . . . . . . . 1 . . . . . . . Mechanics 1 | . . . . . . . . . . 1 . . . . . . . Recycling Units 3 | . 2 . 1 . . . . . . . . . . . . . . Tunnel 3 | . 2 . 1 . . . . . . . . . . . . . . Scanalyzers . | . . . . . . . . . . . . . . . . . . Garrison Access . | . . . . . . . . . . . . . . . . . . Data Cores Recovered 2 | . . . 1 . . . . . 1 . . . . . . . . Used . | . . . . . . . . . . . . . . . . . . Hacking Detections 73 | . 8 1 14 . . . 6 3 7 17 . 17 . . . . . Full Trace Events 5 | . . . 1 . . . . . 1 . . 3 . . . . . Feedback Events 3 | . . . . . . . . . 1 . . 2 . . . . . Corruption 2 | . . . . . . . . . 1 . . 1 . . . . . Hackware Fried 1 | . . . . . . . . . . . . 1 . . . . . Feedback Blocked . | . . . . . . . . . . . . . . . . . . Robot Schematics Acquired 4 | . 1 . . . . . . . . . . . . . 3 . . Robots Built . | . . . . . . . . . . . . . . . . . . Authchips . | . . . . . . . . . . . . . . . . . . Time . | . . . . . . . . . . . . . . . . . . Total Robot Build Rating . | . . . . . . . . . . . . . . . . . . Part Schematics Acquired 23 | . 1 . 2 . . . 1 . . 5 . . . . 14 . . Parts Built 6 | . . . . . . . . . . . . 6 . . . . . Authchips 1 | . . . . . . . . . . . . 1 . . . . . Time 123 | . . . . . . . . . . . . 123 . . . . . Total Part Build Rating 22 | . . . . . . . . . . . . 22 . . . . . Parts Repaired 5 | . 1 . 3 . . . . . . 1 . . . . . . . Time 173 | . 26 . 77 . . . . . . 70 . . . . . . . Parts Recycled . | . . . . . . . . . . . . . . . . . . Recycled Matter . | . . . . . . . . . . . . . . . . . . Retrieved Matter . | . . . . . . . . . . . . . . . . . . Retrieved Components 32 | . 15 . 10 . . . . . . . . 7 . . . . . Parts Scanalyzed 4 | . . . 1 . . . 2 . . 1 . . . . . . . Part Schematics Acquired 3 | . . . 1 . . . 1 . . 1 . . . . . . . Parts Damaged . | . . . . . . . . . . . . . . . . . . Bothacking | -11 -10 -10 -9 -9 -9 -8 -8 -8 -8 -7 -7 -7 -7 -7 -7 -7 -6 ------------ Run | Yrd Mat Min Mat Min Exi Min Mat Gar Mat Fac Was Fac Low Low Zio Dee Pro Used RIF Installer . | . . . . . . . . . . . . . . . . . . Robots Hacked 10 | . . . . . 4 . . . . 2 . . . . 4 . . Non-combat 6 | . . . . . 3 . . . . 2 . . . . 1 . . Combat 4 | . . . . . 1 . . . . . . . . . 3 . . Robot Hacks Applied 10 | . . . . . 4 . . . . 2 . . . . 4 . . parse_system 8 | . . . . . 4 . . . . . . . . . 4 . . find_chute 1 | . . . . . . . . . . 1 . . . . . . . find_fabricator 1 | . . . . . . . . . . 1 . . . . . . . Relay Couplers Released 13 | . . . . . . . . 13 . . . . . . . . . Machine Destruction 13 | . . . . . . . . 13 . . . . . . . . . Fabnet Peak Effective % . | . . . . . . . . . . . . . . . . . . Robots Rewired 3 | . . . . . . . . 3 . . . . . . . . . Allies Hacked . | . . . . . . . . . . . . . . . . . . Hacks Repelled . | . . . . . . . . . . . . . . . . . . Allies | -11 -10 -10 -9 -9 -9 -8 -8 -8 -8 -7 -7 -7 -7 -7 -7 -7 -6 -------- Run | Yrd Mat Min Mat Min Exi Min Mat Gar Mat Fac Was Fac Low Low Zio Dee Pro Total Allies 10 | . . . . 3 . . . 3 . 1 1 . . . 2 . . Largest Group 3 | . . . . 3 1 1 1 3 2 1 1 . . . 2 2 . Highest-Rated Group 192 | . . . . 40 16 16 16 87 56 26 31 . . . 192 192 . Highest-Rated Ally 96 | . . . . 16 16 16 16 31 31 26 31 . . . 96 96 . Initial Warlord ECA Mod 63 | . . . . . . . . . 8 7 7 7 7 7 7 7 6 Total Orders 1 | . . . . . . . . . . 1 . . . . . . . STAY 1 | . . . . . . . . . . 1 . . . . . . . Ally Attacks 103 | . . . . 11 . . 6 14 4 . 11 . . . . 57 . Total Damage 2608 | . . . . 98 . . 73 259 92 . 187 . . . . 1899 . Kills 21 | . . . . 2 . . . 3 . . . . . . . 16 . Allies Corrupted 1 | . . . . . . . . . . 1 . . . . . . . Allies Melted . | . . . . . . . . . . . . . . . . . . Intel | -11 -10 -10 -9 -9 -9 -8 -8 -8 -8 -7 -7 -7 -7 -7 -7 -7 -6 ------- Run | Yrd Mat Min Mat Min Exi Min Mat Gar Mat Fac Was Fac Low Low Zio Dee Pro Active Infowar (turns) 17745 | 263 1647 696 3592 619 703 2 . 46 973 1448 74 1951 761 768 1782 681 1739 Terrain 90 | . 90 . . . . . . . . . . . . . . . . Structural 4930 | . . . . . . . . . . 1097 74 663 610 768 1718 . . Seismic 16427 | 263 1557 696 3592 619 703 2 . 46 . 1398 74 1777 734 764 1782 681 1739 Jamming 1158 | . . . . . . . . . 973 185 . . . . . . . Robot Analysis Total 9 | . 3 . 2 . . . 1 . . 1 . 2 . . . . . Derelict Logs Recovered 3 | . . 1 . . . . . . . . . . 1 . 1 . . Drone Launches . | . . . . . . . . . . . . . . . . . . Drone Recoveries . | . . . . . . . . . . . . . . . . . . Exploration | -11 -10 -10 -9 -9 -9 -8 -8 -8 -8 -7 -7 -7 -7 -7 -7 -7 -6 ------------- Run | Yrd Mat Min Mat Min Exi Min Mat Gar Mat Fac Was Fac Low Low Zio Dee Pro Turns Passed 27341 | 344 2056 1297 4131 655 705 558 1993 1226 2190 1468 74 1951 887 773 1782 3510 1741 Spaces Moved 14014 | 167 936 375 1431 260 286 230 625 411 729 2590 142 1835 424 447 902 1444 780 Core 32 | 5 . . . . . . . . . . . . . . . 27 . Treads 6898 | 162 936 375 1431 260 286 230 625 411 729 10 . 121 81 . 429 812 . Legs 927 | . . . . . . . . . . . . . . . . 147 780 Wheels 1689 | . . . . . . . . . . . . 426 343 447 473 . . Hover 458 | . . . . . . . . . . . . . . . . 458 . Flight 4010 | . . . . . . . . . . 2580 142 1288 . . . . . Fastest Speed 39 | 50 160 320 240 240 240 240 240 240 240 39 39 39 160 145 145 92 150 Average Speed 160 | 156 169 320 241 240 240 240 240 240 240 39 39 75 177 157 190 213 150 Slowest Speed 1700 | 160 320 320 480 240 240 240 240 240 320 240 39 320 320 160 320 1700 150 Overloaded Moves . | . . . . . . . . . . . . . . . . . . Propulsion Burnouts . | . . . . . . . . . . . . . . . . . . Robots Hopped 16 | . . . . . . . . . . 13 . 3 . . . . . Potential Cave-ins . | . . . . . . . . . . . . . . . . . . Cave-ins Triggered . | . . . . . . . . . . . . . . . . . . Exploration Rate (%) 66 | 7 99 82 98 50 70 78 60 67 55 71 71 46 61 69 87 81 53 Regions Visited 17 Branch Regions 9 Pre-discovered Areas 10 | . 2 1 2 1 1 . . . . . . . 2 . 1 . . Known Exits Taken 5 | . . . 1 . . 1 1 . 1 . . 1 . . . . . Unknown Exits Taken 9 | 1 1 1 . 1 1 . . . . . . . 1 1 1 1 . Scrap Searched 12 | . . 2 . . . 2 . . . . . . 2 2 4 . . Spaces Dug 218 | . 3 . 4 23 . . 5 . 25 26 . 43 8 35 . 8 38 Terrain Destroyed 477 | . 3 . 4 44 . . 5 92 60 76 . 58 30 41 . 24 40 Melee 73 | . . . 4 . . . 5 . . 26 . 30 . . . 8 . Projectile 140 | . 3 . . . . . . . 35 . . 22 26 10 . 4 40 AOE 264 | . . . . 44 . . . 92 25 50 . 6 4 31 . 12 . Terrain Rammed . | . . . . . . . . . . . . . . . . . . Walls Destroyed . | . . . . . . . . . . . . . . . . . . Machines Disabled . | . . . . . . . . . . . . . . . . . . Actions | -11 -10 -10 -9 -9 -9 -8 -8 -8 -8 -7 -7 -7 -7 -7 -7 -7 -6 --------- Run | Yrd Mat Min Mat Min Exi Min Mat Gar Mat Fac Was Fac Low Low Zio Dee Pro Total 17398 | 205 1219 424 1864 282 306 235 928 546 1075 2921 160 2186 487 497 966 1783 1314 Wait 1587 | 1 151 17 154 6 . 3 125 30 165 147 19 155 7 17 23 60 507 Move 13968 | 166 935 374 1430 259 285 229 625 409 728 2565 141 1829 423 446 901 1443 780 Hop 14 | . . . . . . . . . . 12 . 2 . . . . . Pick Up 191 | 6 10 3 38 1 5 . 16 2 6 19 . 22 5 6 12 40 . Fast Attach 86 | 6 2 . 18 . . . 11 . 3 5 . 6 1 . 4 30 . Attach 74 | 1 3 1 8 . 1 . 3 3 6 8 . 6 3 2 3 25 1 Detach 26 | . . . 4 . . . . 1 1 2 . 1 . 1 . 12 4 Swap 270 | . 26 6 55 11 3 2 15 17 19 41 . 20 14 6 8 27 . Drop 216 | . 3 . 37 1 8 . 31 1 10 29 . 13 1 5 10 66 1 Fire 661 | 19 88 19 113 4 . . 96 55 47 32 . 69 33 13 . 52 21 Melee 158 | . . . 4 . 4 . 5 6 . 57 . 54 . . 5 23 . Ram . | . . . . . . . . . . . . . . . . . . Kick . | . . . . . . . . . . . . . . . . . . Crush 20 | 6 1 4 3 . . 1 1 1 2 . . 1 . . . . . Escape Stasis 8 | . . . . . . . . . . . . 8 . . . . . Rewire 21 | . . . . . . . . 21 . . . . . . . . . Trap 97 | . . . . . . . . . 88 4 . . . . . 5 . Miscellaneous 1 | . . . . . . . . . . . . . . 1 . . . Route ------- -11/Scrapyard -10/Materials (discovered 6 exits: *Mat x3 / *Min x2 / [*Sub]) -10/Mines (discovered 2 exits: *Mat x2) -9/Materials (discovered 4 exits: *Mat x3 / *Min) -9/Mines (discovered 2 exits: *Mat / *Exi) -9/Exiles -8/Mines (discovered 2 exits: *Mat x2) -8/Materials (discovered 5 exits: *Fac x2 / *Sto x2 / Gar) -8/Garrison (discovered 3 exits: *Mat x3) -8/Materials (discovered 2 exits: *Fac / *Sto) -7/Factory (discovered 4 exits: [*Fac x2] / *Low x2) -7/Waste -7/Factory (discovered 4 exits: [*Fac x2] / *Low x2) -7/Lower Caves -7/Lower Caves -7/Zion (discovered 2 exits: [*Dee] / [*Pro]) -7/Deep Caves -6/Proximity Caves History --------- Turn | Location | Event 9 | -11/Scrapyard | Discovered new exit (range 15) 345 | -11/Scrapyard | Entered Materials 346 | -10/Materials | Build established: Mutant 556 | -10/Materials | Discovered new exit (range 15) 714 | -10/Materials | Discovered new exit (range 7) 1027 | -10/Materials | Discovered new exit (range 3) 1724 | -10/Materials | Discovered new exit (range 16) 2092 | -10/Materials | Discovered new exit (range 9) 2162 | -10/Materials | Discovered new exit (range 9) 2204 | -10/Materials | Repaired Lgt. Treads 2401 | -10/Materials | Entered Mines 2518 | -10/Mines | Learned location of Zion (-7) 2633 | -10/Mines | A weapon hastily lodged in a ceiling crevice suddenly fell to the ground 2782 | -10/Mines | Discovered new exit (range 9) 3001 | -10/Mines | Discovered new exit (range 7) 3490 | -10/Mines | Found a hidden stash of uninstalled traps 3698 | -10/Mines | Entered Materials 3698 | -9/Materials | Evolved 2 slots: Propulsion x1, Utility x1 3871 | -9/Materials | Repaired Lgt. Treads 4320 | -9/Materials | Build established: Scavenger-Mutant 5039 | -9/Materials | Discovered new exit (range 8) 5404 | -9/Materials | Destroyed 8 combat bots 5585 | -9/Materials | Discovered new exit (range 8) 5638 | -9/Materials | Learned location of Storage (-8) 5707 | -9/Materials | Learned Storage emergency access door positions 5765 | -9/Materials | Identified exit to Materials 5801 | -9/Materials | Discovered new exit (range 8) 5811 | -9/Materials | Learned location of 2 exits from Materials 5848 | -9/Materials | Learned Storage emergency access door positions 5875 | -9/Materials | Identified exit to Mines 5894 | -9/Materials | Learned location of 1 exit from Storage 5924 | -9/Materials | Learned Storage emergency access door positions 6071 | -9/Materials | Learned location of 1 exit from Recycling 6735 | -9/Materials | Core integrity fell below 50% 7193 | -9/Materials | Build established: Mutant 7284 | -9/Materials | Repaired Shield Generator 7317 | -9/Materials | Repaired Med. Armor Plating 7829 | -9/Materials | Entered Mines 7964 | -9/Mines | Received a Rocket Launcher from a helpful Derelict 8054 | -9/Mines | Assisted by bots powering up and referring to "LRC-V3" 8225 | -9/Mines | Discovered exit to Materials (range 15) 8415 | -9/Mines | Assembled infested the area 8469 | -9/Mines | Deemed a non-threat by the Exiles lab entrance 8469 | -9/Mines | Discovered new exit (range 5) 8484 | -9/Mines | Entered Exiles 8484 | -9/Exiles | Accompanied by 1 ally 8556 | -9/Exiles | Met 8R-AWN 8598 | -9/Exiles | Met EX-HEX 8689 | -9/Exiles | Met EX-DEC 8813 | -9/Exiles | Met EX-BIN 8848 | -9/Exiles | Aligned with FarCom system 8850 | -9/Exiles | Given EX-Vault access code 8908 | -9/Exiles | Opened EX-Vault 8925 | -9/Exiles | Found Superbattery 8932 | -9/Exiles | Found Modified TNC 8942 | -9/Exiles | Found Flying Fortress v7 8993 | -9/Exiles | Warned to stay clear of 0b10 Research branches 9163 | -9/Exiles | Discovered new exit (range 12) 9189 | -9/Exiles | Stole three prototypes: Flying Fortress v7, Superbattery, Modified TNC 9189 | -9/Exiles | Entered Mines 9189 | -8/Mines | Accompanied by 1 ally 9341 | -8/Mines | Discovered exit to Materials (range 14) 9662 | -8/Mines | Discovered exit to Materials (range 7) 9747 | -8/Mines | Entered Materials 9747 | -8/Materials | Accompanied by 1 ally 9747 | -8/Materials | Evolved 2 slots: Propulsion x1, Utility x1 9748 | -8/Materials | Identified exit to Storage 9749 | -8/Materials | Identified exit to Factory 10460 | -8/Materials | Destroyed 7 combat bots 10528 | -8/Materials | Discovered exit to Factory (range 10) 11436 | -8/Materials | Build established: Scavenger-Mutant 11740 | -8/Materials | Identified exit to Garrison 11740 | -8/Materials | Entered Garrison 11822 | -8/Garrison | Triggered checkpoint 12061 | -8/Garrison | Discovered new exit (range 24) 12061 | -8/Garrison | Discovered new exit (range 53) 12061 | -8/Garrison | Discovered new exit (range 70) 12087 | -8/Garrison | Garrison Relay disabled 12190 | -8/Garrison | Triggered checkpoint 12224 | -8/Garrison | Triggered checkpoint 12426 | -8/Garrison | Triggered checkpoint 12486 | -8/Garrison | Garrison Relay disabled 12508 | -8/Garrison | Phase Generator disabled 12670 | -8/Garrison | Attempted to access garrison exit controls, blocked by remote lockdown 12852 | -8/Garrison | Garrison Relay disabled 12880 | -8/Garrison | Triggered checkpoint 12966 | -8/Garrison | Entered Materials 12966 | -8/Materials | Accompanied by 2 allies 13134 | -8/Materials | Core integrity fell below 50% 13690 | -8/Materials | Discovered exit to Factory (range 16) 13898 | -8/Materials | Build established: Mutant 14231 | -8/Materials | Discovered exit to Storage (range 5) 15156 | -8/Materials | Entered Factory 15156 | -7/Factory | Evolved 2 slots: Propulsion x1, Utility x1 15158 | -7/Factory | FarCom data flow suspended 15243 | -7/Factory | Discovered new exit (range 9) 15698 | -7/Factory | Build established: Hacker-Mutant 15804 | -7/Factory | Discovered new exit (range 9) 15861 | -7/Factory | Garrison activated, responded to threat 15878 | -7/Factory | Repaired Enh. Nuclear Core? 15884 | -7/Factory | Destroyed 7 combat bots 16107 | -7/Factory | Discovered new exit (range 14) 16285 | -7/Factory | Discovered new exit (range 16) 16374 | -7/Factory | Identified exit to Lower Caves 16624 | -7/Factory | Sucked down chute 16624 | -7/Factory | Entered Waste 16625 | -7/Waste | Met a frightened Derelict 16639 | -7/Waste | EMP discharged 16639 | -7/Waste | Spotted C-40 Crusher 16642 | -7/Waste | Spotted C-40 Crusher 16649 | -7/Waste | Spotted C-40 Crusher 16656 | -7/Waste | Spotted C-40 Crusher 16658 | -7/Waste | Spotted C-40 Crusher 16694 | -7/Waste | Discovered new exit (range 11) 16698 | -7/Waste | Entered Factory 16756 | -7/Factory | Hacking Suite fried by hacking feedback 16834 | -7/Factory | Fabricated Force Rifle (x2) 17279 | -7/Factory | Fabricated Powered Armor? 17354 | -7/Factory | Discovered new exit (range 7) 17410 | -7/Factory | Build established: Mutant 17560 | -7/Factory | Fabricated Plasma Cutter? 18609 | -7/Factory | Discovered new exit (range 7) 18649 | -7/Factory | Entered Lower Caves 18649 | -7/Lower Caves | Spotted 3C-TT0(f) 18649 | -7/Lower Caves | Spotted Q6-UWW(f) 18649 | -7/Lower Caves | Spotted XL-3XS(f) 18650 | -7/Lower Caves | Modified TNC stolen by Master Thief 18650 | -7/Lower Caves | Adv. Heat Sink stolen by Master Thief 18651 | -7/Lower Caves | Encountered a Master Thief 18651 | -7/Lower Caves | Encountered a Master Thief 18651 | -7/Lower Caves | Encountered a Master Thief 18652 | -7/Lower Caves | Matter Compressor stolen by Master Thief 18716 | -7/Lower Caves | Met a Warlord Commander 18717 | -7/Lower Caves | Learned location of Warlord (-5) 18718 | -7/Lower Caves | Warlord Commander delivered Encrypted Comm Array 18722 | -7/Lower Caves | Found Encrypted Comm Array 18848 | -7/Lower Caves | Encountered a Warlord checkpoint 18899 | -7/Lower Caves | Found DRS Beacon 19028 | -7/Lower Caves | Discovered new exit (range 7) 19089 | -7/Lower Caves | Ambushed by wild Derelicts 19536 | -7/Lower Caves | Entered another Lower Caves area 19642 | -7/Lower Caves | Build established: Scavenger-Mutant 19763 | -7/Lower Caves | Activated DRS Beacon 20165 | -7/Lower Caves | Discovered new exit (range 16) 20167 | -7/Lower Caves | Spotted S3-J5F(f) 20169 | -7/Lower Caves | Encountered a Master Thief 20169 | -7/Lower Caves | Encountered a Master Thief 20169 | -7/Lower Caves | Encountered a Master Thief 20169 | -7/Lower Caves | Encountered a Master Thief 20169 | -7/Lower Caves | Spotted DT-2DJ(f) 20169 | -7/Lower Caves | Spotted NI-3YY(f) 20169 | -7/Lower Caves | Spotted CC-PBX(f) 20169 | -7/Lower Caves | Lgt. Angular Momentum Engine stolen by Master Thief 20170 | -7/Lower Caves | Encrypted Comm Array stolen by Master Thief 20173 | -7/Lower Caves | Med. Treads stolen by Master Thief 20177 | -7/Lower Caves | Proton Missile Launcher stolen by Master Thief 20309 | -7/Lower Caves | Entered Zion 20360 | -7/Zion | Given the Hacking Drone Bay 20360 | -7/Zion | Found Prototype Device 20418 | -7/Zion | Discovered new exit (range 9) 20459 | -7/Zion | System corruption cleaned by Quarantine Array 20487 | -7/Zion | Found Prototype Device 20487 | -7/Zion | Identified Phasing AFG 20488 | -7/Zion | Identified Hacking Drone Bay 20528 | -7/Zion | System corruption cleaned by Quarantine Array 20572 | -7/Zion | Learned Factory emergency access door positions 20786 | -7/Zion | Build established: Mutant 20824 | -7/Zion | Learned location of Quarantine (-2) 20981 | -7/Zion | Acquired unknown access codes intercepted by a Zionite 21131 | -7/Zion | Met Imprinter 21322 | -7/Zion | Build established: Scavenger-Mutant 21344 | -7/Zion | Learned Factory emergency access door positions 21439 | -7/Zion | Given A8's code to call for help 21960 | -7/Zion | Opened final containment barrier to the Deep Caves 21998 | -7/Zion | Discovered new exit (range 3) 21998 | -7/Zion | Saw the warning signs outside the Deep Caves entrance 22043 | -7/Zion | Enhanced Grunt warped into view, answering call for help 22050 | -7/Zion | Enhanced Grunt warped into view, answering call for help 22091 | -7/Zion | Entered Deep Caves 22091 | -7/Deep Caves | Accompanied by 2 allies 22195 | -7/Deep Caves | Found Surveybot 24 Chip 22199 | -7/Deep Caves | Found Surveybot 24 Scanner 22334 | -7/Deep Caves | Build established: Mutant 22334 | -7/Deep Caves | Attacked by Z-Imprinter 22349 | -7/Deep Caves | Destroyed Z-Imprinter 22390 | -7/Deep Caves | Found Prototype Device 22429 | -7/Deep Caves | Identified Zio. Metafield Generator 22449 | -7/Deep Caves | Found Prototype Protection 22449 | -7/Deep Caves | Identified Zio. Weapon Casing 22635 | -7/Deep Caves | Z-Facility disabled 22707 | -7/Deep Caves | Build established: Scavenger-Mutant 23055 | -7/Deep Caves | Found Prototype Protection 23055 | -7/Deep Caves | Identified Zio. Heavy Carapace 23282 | -7/Deep Caves | Found Zio. Heavy Carapace 23614 | -7/Deep Caves | Discovered new exit (range 7) 24123 | -7/Deep Caves | Spotted AG-33044 24133 | -7/Deep Caves | Found Gui. Plasma Cannon 24178 | -7/Deep Caves | Core integrity fell below 50% 24183 | -7/Deep Caves | Destroyed AG-33044 24278 | -7/Deep Caves | Spotted AG-33054 24310 | -7/Deep Caves | Destroyed AG-33054 24337 | -7/Deep Caves | Lost 10 parts (1p3n5u1w) 24853 | -7/Deep Caves | Found Zio. Weapon Casing 24884 | -7/Deep Caves | Spotted AG-83374 24911 | -7/Deep Caves | Destroyed AG-83374 24940 | -7/Deep Caves | Lost 4 parts (2n2u) 25190 | -7/Deep Caves | Triggered Deep Caves wall 25194 | -7/Deep Caves | Exposed GOLEM chamber 25200 | -7/Deep Caves | Found GOLEM Unit 25231 | -7/Deep Caves | Core integrity fell below 20% 25259 | -7/Deep Caves | Destroyed 21 combat bots 25269 | -7/Deep Caves | Lost 9 parts (7n1u1w) 25309 | -7/Deep Caves | Destroyed 8 combat bots 25601 | -7/Deep Caves | Entered Proximity Caves 25913 | -6/Proximity Caves | Build established: Golem 26863 | -6/Proximity Caves | Spotted B-75 Beast 27342 | -6/Proximity Caves | Destroyed by S-27 Virus with Autogun Last Messages --------------- LOCATION=UNKNOWN GOAL=ESCAPE 25618_ Asb. Focal Cannon integration complete. 25618_ Discarded Mak. Hacking Suite. 25619_ GOLEM Unit beginning Asb. Biocell Array integration. 25619_ Discarded Mak. System Shield. 25622_ Dropped Zio. Biocell. 25635_ Asb. Biocell Array integration complete. 25635_ Extracted 600 energy. 25636_ GOLEM Unit beginning Asb. Nanovents integration. 25637_ Asb. Nanovents integration complete. 25644_ GOLEM Unit beginning Asb. Nanovents integration. 25645_ Asb. Nanovents integration complete. 25645_ Discarded Asb. Nanovents. 25705_ RK-QEV(S) heat damages Com. Battery, Com. Battery, Com. Battery. 27339_ S-27 Virus destroyed. Map ----- +----------------------------------------------------+ | ##???????# #???????????????????????? | | #???????# ##??????????????????????? | | ##??????# ##?????????????????????? | | ##?????# ##???#????????????????? | | ## #### ##????# ### ?????????????###?? | | ####??### ###??# ???????#?##### ?? | | ????????#### #### ???????? ## ??? | | #??????????## #?# ?????????? ???? | | #???????????## #?# #??????????? #???? | | #???????????##### ### #??????????? #???? | | #??????????????## ## #???????????# #???? | | #???????????????## #???????????# ##### | | #????????????????# #??????????## ? | | ###????????????????# #??????###?# ???? | | ???????????????????## #?????## ## #?????? | | ????????????????????# ##?????# #?????? | | ????????????????????## ####???# #?????? | | ?????????????????????# #???# # # #?????? | | ?????????????????????# #???#??# #####?????? | | ?????????????????????# ##????### #????????## | | ????????????????????### ####????## ##??????## | | ????????????????????# # #??????## ##?????# | | ?????????????????????#; #?????## #????## | | ??????????????????????# =#????## #????# | | ??????????????????????#s%###### ####????# # | | ?????????????????????## =@ ##??###?##"# | | ?????????????????????# ####### ##?# ###"## | | ?????????????????????# ??????### ### ### | | ?????????????????????# ????????## ## "# | | ?????????????????????# ?????????# #"# | | ?????????????????????# #????????# #### #### | | ?????????????????????# ##??????# #??### ##??? | | ?????????????????????# ######## #????###"##??? | | ????????????????????## ## #??????##"#### | | ????????????????????# #???????## # | | ????????????????????# #####??????## # | | ????????????????????# #??????????# | | ????????????????????## ### ##?####???## | | ?????????????????????######?## ### ##??# | | ?????????????????????????????# #??# ## | | ?????????????????????????????# ##??# ?# | | ?????????????????????????????##########??# ?# | | ????????????????????????????????????????# ## | | ????????????????????????????????????????# ## | | ????????????????????????????????????????# #?## | | ????????????????????????????????????????# ???# | | ????????????????????????????????????????# ???## | | ???????????????????????????????????????? ????## | | ???????????????????????????????????????? ??????# | | ?????????????????????????????????????????????????? | +----------------------------------------------------+ Best States ------------- Heat Dissipation 64 Energy Generation 27 Energy Capacity 1800 Matter Stores 300 Matter Capacity 300 Sight Range 16 Terrain Scan Range 16 Terrain Scan Density 10 Jamming Range 12 Armor Coverage 1200 Weapon Shielding 100 Phase Shifting 15 Evasion (%) 62 Recoil Reduction 5 Particle Charging 25 Force Boost 20 Offensive Hacking 11 Defensive Hacking 11 Authchip Count 1 Trap Extractor Capacity 6 Item Schematics ----------------- Huge Storage Unit | -10/Materials | Hacked Plasma Cutter | -9/Materials | Hacked Imp. Flight Unit | -9/Materials | Scanalyzed Imp. VTOL Module | -8/Materials | Scanalyzed Enh. Autogun | -7/Factory | Scanalyzed Spear | -7/Factory | Hacked Powered Armor | -7/Factory | Hacked Imp. Propulsion Shielding | -7/Factory | Hacked Imp. Utility Shielding | -7/Factory | Hacked Plasma Rifle | -7/Zion | Archive Core Analyzer | -7/Zion | Archive Imp. Corruption Screen | -7/Zion | Archive Imp. Carbon-fiber Leg | -7/Zion | Archive Thermic Laser | -7/Zion | Archive Launcher Guidance Computer | -7/Zion | Archive EM Shield | -7/Zion | Archive Component Analysis Suite | -7/Zion | Archive Plasma Cannon | -7/Zion | Archive Tesla Rifle | -7/Zion | Archive Hvy. Machine Gun | -7/Zion | Archive Armor Integrity Analyzer | -7/Zion | Archive Hvy. Rocket Launcher | -7/Zion | Archive Lgt. Fission Core | -7/Zion | Archive Robot Schematics ------------------ M-13 Machinist | -10/Materials | Hacked L-41 Fighter | -7/Zion | Archive H-55 Commando | -7/Zion | Archive G-73 Enforcer | -7/Zion | Archive Fabricated ------------ Force Rifle | x2 | -7/Factory | Preloaded Powered Armor | x2 | -7/Factory | Authchip Plasma Cutter | x2 | -7/Factory Repaired ---------- Lgt. Treads | 17% | -10/Materials Lgt. Treads | 22% | -9/Materials Shield Generator | 26% | -9/Materials Med. Armor Plating | 42% | -9/Materials Enh. Nuclear Core | 22% | -7/Factory Alien Tech Used ----------------- None Achievements -------------- None Challenges ------------ None Game ------ Seed ComponentFocalJets Manual? 0 Play Time 03:38:07 Cumulative 386.2 hours Start 2025.05.22 @ 21:17:21 End 2025.05.23 @ 01:15:54 Sessions 3 Manual Loads 0 Difficulty Rogue Special Mode None Game No. 187 Rogue 124 Adventurer 63 Explorer 0 Win Type - Total 8 Types 7/0/0/1/0/0/0/0/0/0 Lore% 84 Gallery% 76 Achievement% 64 Wizard Run 0 Options --------- Layout 2 ASCII 0 Keyboard 1 Movement Numpad Keybinds 0 Fullscreen 1 Font 24/Terminus Map View 50x44 Zoom Use 0% Tactical HUD 1 Map Filters NONE Filters NONE Steam 1 RUN: ca8c0c18-3742-4aad-82bd-076ad884b7c2